 Dungeon Crawl Stone Soup version 0.27-a0-686-gaed091b46b (webtiles) character file.

Game seed: 10649701184750275788

7 jasper the Insei (level 1, -2/15 HPs)
             Began as a Demonspawn Transmuter on Mar 20, 2021.
             Slain by a scorpion (6 damage)
             ... on level 2 of the Dungeon.
             The game lasted 00:00:38 (224 turns).

jasper the Insei (Demonspawn Transmuter)             Turns: 224, Time: 00:00:39

Health: -2/15      AC:  2    Str: 10    XL:     1   Next: 91%
Magic:  2/3        EV: 12    Int: 14    God:
Gold:   8          SH:  0    Dex: 13    Spells: 3/4 levels left

rFire    . . .     SeeInvis .     - Unarmed
rCold    . . .     Faith    .   (no shield)
rNeg     . . .     Spirit   .   a - +0 robe
rPois    .         Reflect  .   (helmet currently unavailable)
rElec    .         Harm     .   (no cloak)
rCorr    .         Rampage  .   (no gloves)
Will     .....                  (boots currently unavailable)
Stlth    +.........             (no amulet)
HPRegen  0.05/turn              (no ring)
MPRegen  0.08/turn              (no ring)

@: lethally poisoned (-2 -> -14), appendages (expiring)
A: horns 2, talons 2
a: End Transformation


You were on level 2 of the Dungeon.
You had temporarily grown beastly horns and talons.
You visited 1 branch of the dungeon, and saw 2 of its levels.

You collected 8 gold pieces.

Inventory:

Armour
 a - a +0 robe (worn)


   Skills:
 - Level 1.0 Fighting
 - Level 1.7 Dodging
 - Level 2.6 Unarmed Combat
 - Level 2.0 Spellcasting
 + Level 2.4 Transmutations


You had 3 spell levels left.
You knew the following spells:

 Your Spells              Type           Power      Damage    Failure   Level
a - Beastly Appendage     Tmut           16%        N/A       9%          1

Your spell library contained the following spells:

 Spells                   Type           Power      Damage    Failure   Level
 Wereblood                Tmut           8%         N/A       13%         2
 Spider Form              Tmut/Pois      2%         N/A       41%         3
 Ice Form                 Ice/Tmut       4%         N/A       82%         4
 Blade Hands              Tmut           4%         N/A       94%         5


Dungeon Overview and Level Annotations

Branches:
Dungeon (1/15)

Altars:


Innate Abilities, Weirdness & Mutations

You have temporarily grown beastly horns and talons.


Message History

Health restored: 15; MP restored: 3 A scorpion comes into view.
Found a stone staircase leading down.
A scorpion is nearby!
You aren't carrying any potions.
Unknown command.
You aren't carrying any scrolls.
Unknown command.
Unknown command.
Unknown command.
You see here a bat corpse.
A dart slug comes into view.
Found a scroll labelled QOTIZ ALUSH.
Casting: Beastly Appendage (safe; 10% risk of failure)
Confirm with . or Enter, or press ? or * to list all spells.
You grow a pair of large bovine horns.
Your feet morph into talons.
You now have 2/3 mp.
You hit the dart slug.
You claw the dart slug, but do no damage.
The dart slug is moderately wounded.
Your transformation is almost over.
You hit the dart slug. You claw the dart slug.
The dart slug is almost dead.
The dart slug launches a dart at you. The slug dart hits you.
The scorpion misses you.
You take 3 damage, and have 12/15 hp.
You hit the dart slug.
You kill the dart slug!
The scorpion stings you.
You are lethally poisoned!
The scorpion poisons you!
You take 6 damage, and have 6/15 hp.
MASSIVE DAMAGE!!
You feel sick.
You see here a dart slug corpse.
You take 1 damage, and have 5/15 hp.
You closely miss the scorpion. You headbutt the scorpion.
The scorpion is lightly wounded.
* * * LOW HITPOINT WARNING * * *
You feel sick. The scorpion stings you.
You die...

### ..# #.#
#.# #.# #?#
#.# #@# #s#
#.#
#.#########
#.....†...#
#########.#
#.# #s# #.#


You could see a scorpion.

Vanquished Creatures
  A dart slug (D:2)
  3 jackals (D:1)
  A bat (D:2)
5 creatures vanquished.

Notes
Turn   | Place    | Note
-------+----------+-------------------------------------------
     0 | D:1      | jasper the Demonspawn Transmuter began the quest for the
                  | Orb.
     0 | D:1      | Reached XP level 1. HP: 15/15 MP: 3/3
   164 | D:1      | You fall into a shaft and drop 1 floor!
   198 | D:2      | Noticed a scorpion
   224 | D:2      | Slain by a scorpion

Illustrated notes

Levels and vault maps discovered:
D:1:      dpeg_arrival_tiny_k, layout_basic
D:2:      layout_loops_ring, kennysheep_donut

Skill      XL: |  1 |
---------------+----+-----
Transmutations | 2 |  2.4
Fighting       | |  1.0
Dodging        | |  1.7
Unarmed Combat | |  2.6
Spellcasting   | |  2.0

Action                   || total
-------------------------++-------
Melee: Unarmed           ||    18
       Kick              ||     4
       Headbutt          ||     3
 Cast: Beastly Appendage ||     3
Armor: Robe              ||     6
Dodge: Dodged            ||    12

Table legend: (Time is in decaauts)
 A = Elapsed time spent in this place.
 B = Non-inter-level travel time spent in this place.
 C = Inter-level travel time spent in this place.
 D = Time resting spent in this place.
 E = Time spent auto-exploring this place.
 F = Levels seen in this place.
 G = Mean time per level.
                   A        B        C        D        E       F      G
               +--------+--------+--------+--------+--------+-----+--------+
         Total |    222 |    222 |      0 |     96 |     75 |   2 |  111.0 |
       Dungeon |    222 |    222 |      0 |     96 |     75 |   2 |  111.0 |
               +--------+--------+--------+--------+--------+-----+--------+

Top non-repeatable levels by time:
     D:1: 163 daAuts
     D:2: 59 daAuts
